 Dungeon Crawl Stone Soup version 0.31-a0-345-g1ebeae05c6 (webtiles) character file.

Game seed: 4562045565346114797

7 quinnr the Gusty (level 2, 0/15 HPs)
             Began as a Tengu Air Elementalist on July 22, 2023.
             Slain by a gnoll
             ... wielding a +0 halberd
              (15 damage)
             ... on level 2 of the Dungeon.
             The game lasted 00:01:18 (578 turns).

quinnr the Gusty (Tengu Air Elementalist)            Turns: 578, Time: 00:01:19

Health: 0/15       AC:  3    Str:  8    XL:     2   Next: 4%
Magic:  3/6        EV: 12    Int: 15    God:
Gold:   72         SH:  0    Dex: 14    Spells: 4/5 levels left

rFire   . . .        (no weapon)
rCold   . . .        (no shield)
rNeg    . . .        a - +0 robe
rPois   .            (helmet restricted)
rElec   .            (no cloak)
rCorr   +            d - +0 pair of gloves
SInv    .            (boots unavailable)
Will    .....        (no amulet)
Stlth   ++           R - ring of resist corrosion
HPRegen 0.22/turn    (no ring)
MPRegen 0.10/turn

%: no passive effects
@: no status effects
A: beak, talons 3
a: no special abilities


You were on level 2 of the Dungeon.
You visited 1 branch of the dungeon, and saw 2 of its levels.

You collected 72 gold pieces.


Innate Abilities, Weirdness & Mutations

You have a beak for a mouth.
You have claws for feet.


   Skills:
 - Level 2.3 Dodging
 - Level 2.1 Stealth
 - Level 2.0 Spellcasting
 - Level 1.6 Conjurations
 + Level 4.3 Air Magic


You had 4 spell levels left.
You knew the following spells:

 Your Spells              Type           Power      Damage    Failure   Level
z - Shock                 Conj/Air       40%        1d5       6%          1

Your spell library contained the following spells:

 Spells                   Type           Power      Damage    Failure   Level
 Static Discharge         Conj/Air       20%        2-3/arc   10%         2
 Swiftness                Air            14%        N/A       11%         3
 Airstrike                Air            7%         2d(1-17)  36%         4

Inventory:

Armour
 a - a +0 robe (worn)
 d - a +0 pair of gloves (worn)
Jewellery
 R - a ring of resist corrosion (left hand)
Scrolls
 e - a scroll of teleportation {unknown}
Potions
 b - a potion of magic
 c - a potion of curing {unknown}
 f - a potion of heal wounds {unknown}

Dungeon Overview and Level Annotations

Branches:
Dungeon (2/15)

Altars:

#.......###.##.# g#
#.[.....# #.##.#
.#..# #.......#
#.##.# .#..#
#######.# #.##.#
.#..# #.#
#.##.###.#..###
..#####.#
#..............
........#
#..#.#g###..###
..#####.#
#..#......<.#### #.#
#..#.#@........# #.#
#..#.#..##<.##.#
#.###..#.#†.##..##
#.................
#####....#..##..##.#
#....#..##..# #
#....#..##..#
#............
##..........#


You could see a gnoll.


Message History

A hobgoblin is nearby!
The zap hits the hobgoblin.
The hobgoblin is severely wounded.
A hobgoblin is nearby!
The zap hits the hobgoblin.
You kill the hobgoblin!
You have reached level 2!
Magic restored.
You see here a hobgoblin corpse.
Key pressed, stopping explore.
Key pressed, stopping explore.
Found a pair of boots.
Found a stone staircase leading down.
You can't see any susceptible monsters within range! (Use Z to cast anyway.)
There is a stone staircase leading down here.
Key pressed, stopping explore.
A dart slug and 2 gnolls come into view.
There are monsters nearby!
The zap hits the gnoll.
The gnoll is moderately wounded.
The gnoll shouts!
You hear a shout! x2
A gnoll comes into view. It is wielding a +0 club.
The zap misses the gnoll. x2
The zap hits the gnoll.
The gnoll is heavily wounded.
The zap hits the gnoll.
The gnoll is severely wounded.
The gnoll hits you from afar with a +0 halberd!
Ouch! That really hurt!
You die...

Action                     || total
---------------------------++-------
   Cast: Shock             ||    17
  Dodge: Dodged            ||     1

Levels and vault maps discovered:
D:1:      dpeg_arrival_fog, layout_rooms, grunt_decor_mini_mirrors
D:2:      minmay_inner_zag, layout_basic, serial_shops, shop

Notes
Turn   | Place    | Note
-------+----------+-------------------------------------------
     0 | D:1      | quinnr the Tengu Air Elementalist began the quest for the
                  | Orb.
     0 | D:1      | Reached XP level 1. HP: 10/10 MP: 4/4
   488 | D:2      | Reached XP level 2. HP: 15/15 MP: 1/6
   578 | D:2      | Slain by a gnoll

Vanquished Creatures
  An endoplasm (D:1)
  A goblin (D:1)
  A hobgoblin (D:2)
  A quokka (D:1)
  A kobold (D:1)
  2 rats (D:1)
7 creatures vanquished.

Table legend: (Time is in decaauts)
 A = Elapsed time spent in this place.
 B = Non-inter-level travel time spent in this place.
 C = Inter-level travel time spent in this place.
 D = Time resting spent in this place.
 E = Time spent auto-exploring this place.
 F = Levels seen in this place.
 G = Mean time per level.
                   A        B        C        D        E       F      G
               +--------+--------+--------+--------+--------+-----+--------+
         Total |    577 |    566 |     11 |      0 |    505 |   2 |  288.5 |
       Dungeon |    577 |    566 |     11 |      0 |    505 |   2 |  288.5 |
               +--------+--------+--------+--------+--------+-----+--------+

Top non-repeatable levels by time:
     D:1: 476 daAuts
     D:2: 100 daAuts

Table legend:
 A = Non-vault XP
 B = Vault XP
 C = Vault XP percentage of total XP
 D = Non-vault monster count
 E = Vault monster count
 F = Vault count percentage of total count
                 A         B        C        D         E       F
            +---------+---------+-------+---------+---------+-------
      Total |      11 |       0 |   0.0 |       7 |       0 |   0.0
            +---------+---------+-------+---------+---------+-------
        D:1 |       9 |       0 |   0.0 |       6 |       0 |   0.0
        D:2 |       2 |       0 |   0.0 |       1 |       0 |   0.0
            +---------+---------+-------+---------+---------+-------

Levels and vault maps discovered:
D:1:      dpeg_arrival_fog, layout_rooms, grunt_decor_mini_mirrors
D:2:      minmay_inner_zag, layout_basic, serial_shops, shop
